 Dungeon Crawl Stone Soup version 0.27-a0-1287-gca74d27db6 (webtiles) character file.

Game seed: 1203656221044012322

51 Atlas the Chiller (level 3, -7/24 HPs)
             Began as a Demonspawn Ice Elementalist on June 14, 2021.
             Killed from afar by Natasha (9 damage)
             ... with a magic dart
             ... on level 2 of the Dungeon.
             The game lasted 00:02:12 (1804 turns).

Atlas the Chiller (Demonspawn Ice Elementalist)     Turns: 1804, Time: 00:02:13

Health: -7/24      AC:  3    Str:  8    XL:     3   Next: 58%
Magic:  1/7        EV: 13    Int: 17    God:
Gold:   27         SH:  0    Dex: 13    Spells: 3/7 levels left

rFire    . . .     SeeInvis .   i - +0 mace (protect)
rCold    . . .     Faith    .   (no shield)
rNeg     . . .     Spirit   .   g - +0 leather armour
rPois    .         Reflect  .   (no helmet)
rElec    .         Harm     .   (no cloak)
rCorr    .         Rampage  .   (no gloves)
Will     .....                  (no boots)
Stlth    ++........             (no amulet)
HPRegen  0.08/turn              (no ring)
MPRegen  0.10/turn              (no ring)

@: slowed, very slow
A: repulsion field 1
a: no special abilities


You were on level 2 of the Dungeon.
You visited 1 branch of the dungeon, and saw 2 of its levels.

You collected 27 gold pieces.

Inventory:

Hand Weapons
 i - a +0 mace of protection (weapon)
Armour
 a - a +0 robe
 g - a +0 leather armour (worn)
Scrolls
 b - a scroll of brand weapon {unknown}
 d - a scroll of noise {unknown}
 h - a scroll of torment {unknown}
 j - 4 scrolls of summoning {unknown}
Potions
 c - a potion of flight {unknown}
 f - a potion of heal wounds {unknown}


   Skills:
 + Level 0.1 Armour
 + Level 1.9 Dodging
 + Level 1.9 Stealth
 + Level 2.7 Spellcasting
 + Level 4.3 Ice Magic


You had 3 spell levels left.
You knew the following spells:

 Your Spells              Type           Power      Damage    Failure   Level
a - Freeze                Ice            68%        1d8       4%          1
b - Frozen Ramparts       Ice            34%        1d5       13%         3

Your spell library contained the following spells:

 Spells                   Type           Power      Damage    Failure   Level
 Ozocubu's Armour         Ice            17%        N/A       13%         3
 Hailstorm                Conj/Ice       9%         3d4       71%         4
 Metabolic Englaciation   Hex/Ice        4%         N/A       96%         5


Dungeon Overview and Level Annotations

Branches:
Dungeon (2/15)

Altars:

Annotations:
D:2 Natasha


Innate Abilities, Weirdness & Mutations

You are surrounded by a mild repulsion field. (EV +2)


Message History

Confirm with . or Enter, or press ? or * to list all spells.
You don't know that spell.
Casting: Freeze (safe; 4% risk of failure)
Confirm with . or Enter, or press ? or * to list all spells.
You don't have enough magic to cast this spell.
You are too injured to fight recklessly!
You are too injured to fight recklessly!
You hit Natasha but do no damage.
Your weapon exudes an aura of protection.
Natasha is moderately wounded.
Natasha completely misses you. Natasha claws you!
* * * LOW HITPOINT WARNING * * *
Natasha misses you.
Unknown command.
You feel better. Natasha claws you but does no damage. Natasha claws you.
Sorry, you're not good enough to have a special ability.
Casting: Freeze (safe; 4% risk of failure)
Confirm with . or Enter, or press ? or * to list all spells.
Aiming: Freeze (safe; 4% risk of failure)
Press: ? - help, Shift-Dir - straight line, f/p - Natasha
Aim: Natasha (moderately wounded, fast)
You freeze Natasha.
Natasha is heavily wounded.
Natasha stares at you and mumbles some strange words.
You resist with significant effort. Natasha barely misses you.
Your magical contamination has completely faded away.
Casting: Freeze (safe; 4% risk of failure)
Confirm with . or Enter, or press ? or * to list all spells.
Aiming: Freeze (safe; 4% risk of failure)
Press: ? - help, Shift-Dir - straight line, f/p - Natasha
Aim: Natasha (heavily wounded, fast)
You freeze Natasha.
Natasha is severely wounded.
Natasha closely misses you. Natasha casts a spell at you.
The magic dart hits you.
* * * LOW HITPOINT WARNING * * *
Natasha casts a spell at you. The magic dart hits you!
You die...

#............###########
...........#..........#
#........###...####..#
......................#
#.........###.<...)...#
......................#
#.........###.........#
######^######....######
##.#h@....##.#
#....#######.# #..#..#
#.# ......#.# ..#
..###.#.# .## . #.#..# .
# ##.# .. h. ...


You could see Natasha (fast).

Vanquished Creatures
  Natasha (D:2)
  A worm (D:2)
  A dart slug (D:1)
  2 endoplasms (D:1)
  2 giant cockroaches (D:1)
  2 goblins (D:1)
  A hobgoblin (D:1)
  2 kobolds
  A quokka (D:1)
  A ball python (D:1)
  3 bats (D:1)
  A frilled lizard (D:2)
  4 rats (D:1)
22 creatures vanquished.

Notes
Turn   | Place    | Note
-------+----------+-------------------------------------------
     0 | D:1      | Atlas the Demonspawn Ice Elementalist began the quest for
                  | the Orb.
     0 | D:1      | Reached XP level 1. HP: 13/13 MP: 3/3
   465 | D:1      | Gained mutation: You are surrounded by a mild repulsion
                  | field. (EV +2) [demonic ancestry]
   465 | D:1      | Reached XP level 2. HP: 19/19 MP: 0/5
   655 | D:1      | Reached skill level 4 in Ice Magic
  1691 | D:2      | Noticed Natasha
  1702 | D:2      | Killed Natasha
  1703 | D:2      | Reached XP level 3. HP: 10/24 MP: 1/7
  1707 | D:2      | Learned a level 3 spell: Frozen Ramparts
  1792 | D:2      | Noticed Natasha
  1804 | D:2      | Killed from afar by Natasha

Illustrated notes

Levels and vault maps discovered:
D:1:      elethiomel_arrival_infinity_welcomes_careful_drivers, layout_basic
D:2:      layout_rooms, basic_ecumenical_altar, uniq_natasha

Skill      XL: |  1  2 |
---------------+-------+-----
Ice Magic      | 4 |  4.3
Armour         | |  0.1
Dodging        | |  1.9
Stealth        | |  1.9
Spellcasting   | |  2.7

Action                   || total
-------------------------++-------
Melee: Unarmed           ||     3
       Mace              ||     5
 Cast: Freeze            ||    43
  Use: Potion            ||     2
Armor: Robe              ||     4
       Leather armour    ||     4
Dodge: Dodged            ||    49

Table legend: (Time is in decaauts)
 A = Elapsed time spent in this place.
 B = Non-inter-level travel time spent in this place.
 C = Inter-level travel time spent in this place.
 D = Time resting spent in this place.
 E = Time spent auto-exploring this place.
 F = Levels seen in this place.
 G = Mean time per level.
                   A        B        C        D        E       F      G
               +--------+--------+--------+--------+--------+-----+--------+
         Total |   1813 |   1779 |     34 |    174 |   1186 |   2 |  906.5 |
       Dungeon |   1813 |   1779 |     34 |    174 |   1186 |   2 |  906.5 |
               +--------+--------+--------+--------+--------+-----+--------+

Top non-repeatable levels by time:
     D:1: 1461 daAuts
     D:2: 352 daAuts
